 Dungeon Crawl Stone Soup version 0.31.0-11-ge490571c62 (webtiles) character file.

Game seed: 1174228581257053132

1133 qw the Skirmisher (level 8, 0/45 HPs)
             Began as a Deep Elf Hunter on Feb 5, 2024.
             Was an Initiate of Okawaru.
             Slain by Blork the orc
             ... wielding a +2 long sword of holy wrath
              (15 damage)
             ... on level 5 of the Dungeon.
             The game lasted 00:01:42 (4080 turns).

qw the Skirmisher (Deep Elf Hunter)                 Turns: 4080, Time: 00:01:42

Health: 0/45       AC: 11    Str: 10    XL:     8   Next: 14%
Magic:  9/11       EV: 16    Int: 15    God:    Okawaru [......]
Gold:   235        SH:  0    Dex: 24    Spells: 7/7 levels left

rFire   . . .        a - +0 shortbow (chaos)
rCold   . . .        (shield currently unavailable)
rNeg    + . .        d - +2 ring mail {rN+}
rPois   .            i - +1 helmet
rElec   .            f - +0 cloak
rCorr   .            (no gloves)
SInv    .            (no boots)
Will    .....        c - amulet of faith
Stlth   +++          j - +6 ring of dexterity
HPRegen 0.27/turn    (no ring)
MPRegen 0.12/turn

%: faith
@: heroic
A: no striking features
a: Renounce Religion


You were on level 5 of the Dungeon.
You worshipped Okawaru.
Okawaru was noncommittal.
You visited 2 branches of the dungeon, and saw 6 of its levels.

You collected 235 gold pieces.


   Skills:
 + Level 2.4(7.4) Fighting
 - Level 12.0(17.0) Ranged Weapons
 - Level 1.0(6.0) Armour
 - Level 4.0(9.0) Dodging
 - Level 1.2(6.2) Stealth
 - Level 2.4 Invocations


You had 7 spell levels left.
You didn't know any spells.
Your spell library was empty.

Inventory:

Hand Weapons
 a - a +0 shortbow of chaos (weapon)
Armour
 d - a +2 ring mail of positive energy (worn)
 f - a +0 cloak (worn)
 i - a +1 helmet (worn)
Jewellery
 b - a ring of fire
 c - an amulet of faith (around neck)
 j - a +6 ring of dexterity (left hand)
Scrolls
 g - a scroll of enchant armour {unknown}
 h - a scroll of summoning {unknown}
 m - a scroll of acquirement {unknown}
Potions
 e - 3 potions of brilliance {unknown}
 k - a potion of invisibility {unknown}
 l - 2 potions of heal wounds {unknown}
 n - a potion of curing

Dungeon Overview and Level Annotations

Branches:
Dungeon (5/15)             Temple (1/1) D:5

Altars:
Ashenzari
Cheibriados
Dithmenos
Elyvilon
Fedhas
Hepliaklqana
Kikubaaqudgha
Makhleb
Nemelex Xobeh
Okawaru
Qazlal
Ru
Sif Muna
Trog
Uskayaw
Vehumet
Xom
Yredelemnul
Zin

Shops:
D:4 :

Annotations:
D:5 1 runed translucent door, Blork the orc, Crazy Yiuf


Message History

A hound comes into view.
You shoot an arrow. The hound barks!
The arrow hits Blork the orc!
Blork the orc's magic leaks into the air.
Blork the orc is heavily wounded.
Blork the orc hits you with a +2 long sword of holy wrath.
You shoot an arrow. The arrow hits Blork the orc.
Blork the orc flies into a frenzy!
Blork the orc is heavily wounded.
Blork the orc barely misses the hound.
The hound closely misses Blork the orc.
4074 ||| INVOKING Heroism.
You gain the combat prowess of a mighty hero.
You can no longer gain great but temporary skills.
Blork the orc closely misses you.
The hound bites Blork the orc.
Blork the orc hits the hound with a +2 long sword of holy wrath.
The hound barely misses Blork the orc.
You shoot an arrow. The arrow hits Blork the orc.
The arrow burns Blork the orc.
Blork the orc is severely wounded.
Blork the orc hits the hound with a +2 long sword of holy wrath!
The hound barely misses Blork the orc.
You shoot an arrow. The arrow closely misses Blork the orc.
The arrow hits the hound!
The arrow burns the hound.
You kill the hound!
Okawaru accepts your kill.
Blork the orc hits you with a +2 long sword of holy wrath!
You shoot an arrow.
The arrow hits Blork the orc but does no damage.
Blork the orc is severely wounded.
Blork the orc hits you with a +2 long sword of holy wrath.
Blork the orc closely misses you.
You shoot an arrow. The arrow hits Blork the orc.
Blork the orc is almost dead.
Blork the orc hits you with a +2 long sword of holy wrath!
You shoot an arrow. The arrow closely misses Blork the orc.
Blork the orc barely misses you.
You shoot an arrow. The arrow hits Blork the orc.
Nothing appears to happen.
Blork the orc is almost dead.
Blork the orc hits you with a +2 long sword of holy wrath!
You die...

### ##.. ..# ##..#
#.# ##.##. #.#
####.##.} #.#
#...####. #.#
#...#.#.# +####.#
#..#.7.##
+.@##.#####...#.###
+o...>........####.
..####.###......##.8
....
##'######....##.
#... #...# ###....#
#.## #...# #)..). #.
#...############ #
##..............
##############.


You could see the neutral Blork the orc (fast, strong, frenzied, magic
disrupted).

Vanquished Creatures
  A water moccasin (D:5)
  A phantom (D:3)
  3 scorpions (D:5)
  2 howler monkeys (D:5)
  A jelly (D:5)
  5 hounds
  3 orc priests
  2 iguanas (D:4)
  Jessica (D:2)
  Terence (D:2)
  An orc wizard (D:3)
  Natasha (thrice) (D:2)
  2 sleepcaps
  5 adders
  A dart slug (D:3)
  3 ribbon worms
  13 orcs
  7 ball pythons
  3 bats (D:1)
  3 endoplasms
  6 giant cockroaches
  11 goblins
  4 hobgoblins
  6 jackals
  5 quokkas
  6 frilled lizards
  12 kobolds
  7 rats
118 creatures vanquished.

Vanquished Creatures (others)
  A goblin zombie (D:4)
1 creature vanquished.

Grand Total: 119 creatures vanquished

Notes
Turn   | Place    | Note
-------+----------+-------------------------------------------
     0 | D:1      | qw the Deep Elf Hunter began the quest for the Orb.
     0 | D:1      | Reached XP level 1. HP: 12/12 MP: 3/3
     0 | D:1      | 0 ||| qw: Version: 0.3-a-160-g6735b56
     0 | D:1      | 0 ||| qw: Game counter: 6433
     0 | D:1      | 0 ||| qw: Melee chars always use a shield: true
     0 | D:1      | 0 ||| qw: God list: Okawaru
     0 | D:1      | 0 ||| qw: Allow faded altars: false
     0 | D:1      | 0 ||| qw: Do Orc after clearing Dungeon:15 true
     0 | D:1      | 0 ||| qw: Do second Lair branch before Depths: true
     0 | D:1      | 0 ||| qw: Lair rune preference: random
     0 | D:1      | 0 ||| qw: Goals: Normal
     0 | D:1      | 0 ||| PLANNING D:1-11
   281 | D:1      | Reached skill level 6 in Ranged Weapons
   281 | D:1      | Reached XP level 2. HP: 16/16 MP: 4/4
   403 | D:1      | Reached XP level 3. HP: 20/20 MP: 5/5
   508 | D:1      | 508 ||| UPGRADING to +0 cloak.
   513 | D:1      | 513 ||| UPGRADING to +0 scale mail.
   523 | D:1      | 523 ||| DROPPING +0 leather armour.
   524 | D:1      | 524 ||| READING scroll labelled NIMPOU SITAEM.
   525 | D:1      | 525 ||| READING 2 scrolls labelled FOYKKU GISK.
   525 | D:1      | 525 ||| IDENTIFYING scroll labelled ENLYOH CAFU
   526 | D:1      | 526 ||| READING scroll of identify.
   526 | D:1      | 526 ||| IDENTIFYING scroll labelled OHEINO DUVEMM
   527 | D:1      | 527 ||| READING scroll of brand weapon.
   527 | D:1      | 527 ||| BRANDING +0 shortbow.
   528 | D:1      | 528 ||| READING 2 scrolls labelled LEMEIHUTTOOH.
   529 | D:1      | 529 ||| DROPPING scroll of butterflies.
   530 | D:1      | 530 ||| DROPPING scroll of noise.
   531 | D:1      | 531 ||| DROPPING scroll of immolation.
   578 | D:2      | You fall into a shaft and drop 2 floors!
   579 | D:4      | Found a hide-covered altar of Uskayaw.
   662 | D:4      | Reached skill level 7 in Ranged Weapons
   669 | D:4      | Reached XP level 4. HP: 11/25 MP: 6/6
   770 | D:4      | 770 ||| READING scroll labelled QOANIV UMILEA.
   783 | D:3      | Reached skill level 8 in Ranged Weapons
   807 | D:2      | Noticed Terence
   817 | D:2      | Killed Terence
   818 | D:2      | Reached XP level 5. HP: 23/29 MP: 7/7
   864 | D:2      | Noticed Natasha
   871 | D:2      | Killed Natasha
   986 | D:2      | Noticed Jessica
   987 | D:2      | Killed Jessica
   988 | D:2      | Reached skill level 9 in Ranged Weapons
  1311 | D:2      | Noticed Natasha
  1315 | D:2      | Killed Natasha
  1316 | D:2      | Reached skill level 1 in Armour
  1343 | D:2      | Noticed Natasha
  1345 | D:2      | Killed Natasha
  1401 | D:2      | 1401 ||| UPGRADING to +2 ring mail of positive energy.
  1411 | D:2      | 1411 ||| DROPPING +0 scale mail.
  1412 | D:2      | 1412 ||| UPGRADING to +1 helmet.
  1417 | D:2      | 1417 ||| UPGRADING to +6 ring of dexterity.
  1418 | D:2      | 1418 ||| READING scroll of identify.
  1418 | D:2      | 1418 ||| IDENTIFYING fizzy purple potion
  1419 | D:2      | 1419 ||| READING scroll labelled QUGERUMPU.
  1420 | D:2      | 1420 ||| DROPPING potion of degeneration.
  1608 | D:3      | Reached XP level 6. HP: 35/35 MP: 8/8
  1656 | D:3      | Reached skill level 3 in Dodging
  1777 | D:3      | Found a faded altar of an unknown god.
  1912 | D:3      | 1912 ||| DRINKING emerald potion.
  1913 | D:3      | 1913 ||| DRINKING ruby potion.
  2172 | D:3      | 2172 ||| UPGRADING to amulet of faith.
  2177 | D:3      | 2177 ||| DROPPING amulet of magic regeneration.
  2178 | D:3      | 2178 ||| READING scroll of identify.
  2178 | D:3      | 2178 ||| IDENTIFYING metallic sapphire potion
  2179 | D:3      | 2179 ||| READING scroll labelled ZOCUMO FOSABIPN.
  2180 | D:3      | 2180 ||| READING scroll labelled JYWUKH JUDGHEI.
  2181 | D:3      | 2181 ||| DROPPING potion of ambrosia.
  2183 | D:3      | 2183 ||| Stepping ~*~*~tactically~*~*~ (cloud).
  2328 | D:4      | Found Woasad's Book Emporium.
  2796 | D:4      | Reached skill level 10 in Ranged Weapons
  2823 | D:4      | Reached XP level 7. HP: 40/40 MP: 9/9
  2957 | D:4      | Found a hazy altar of Hepliaklqana.
  3180 | D:4      | 3180 ||| READING scroll of identify.
  3180 | D:4      | 3180 ||| IDENTIFYING lumpy green potion
  3181 | D:4      | 3181 ||| READING scroll labelled VUAHEB JUASEB.
  3184 | D:4      | 3184 ||| DROPPING potion of lignification.
  3201 | D:5      | Entered Level 5 of the Dungeon
  3214 | D:5      | Found a staircase to the Ecumenical Temple.
  3215 | D:5      | 3215 ||| PLANNING TEMPLE
  3220 | Temple   | Entered the Ecumenical Temple
  3221 | Temple   | 3221 ||| PLANNING OKAWARU WORSHIP
  3226 | Temple   | Became a worshipper of Warmaster Okawaru
  3227 | Temple   | 3227 ||| PLANNING D:1-11
  3448 | D:5      | Reached skill level 11 in Ranged Weapons
  3542 | D:5      | Found a runed translucent door.
  3543 | D:5      | Noticed Crazy Yiuf
  3643 | D:5      | Reached * piety under Okawaru
  3669 | D:5      | 3669 ||| INVOKING Heroism.
  3677 | D:5      | Reached skill level 1 in Invocations
  3734 | D:5      | Reached skill level 12 in Ranged Weapons
  3734 | D:5      | Reached XP level 8. HP: 44/44 MP: 11/11
  3747 | D:5      | 3747 ||| INVOKING Heroism.
  3790 | D:5      | 3790 ||| INVOKING Heroism.
  4070 | D:5      | Noticed Blork the orc
  4074 | D:5      | 4074 ||| INVOKING Heroism.
  4080 | D:5      | Slain by Blork the orc

Levels and vault maps discovered:
D:1:      minmay_arrival_widening_spiral_narrow, layout_rooms,
          minmay_tetromino_i2
D:2:      layout_basic, patterned_corridor, uniq_natasha, uniq_jessica,
          uniq_terence
D:3:      layout_loops_ring, shapermc_ecumenical_altar_starsandcircs,
          corexii_item_surrounded_by_moat, serial_bayou_lagoon_b
D:4:      layout_loops_corners, mainiacjoe_overflow_brackets,
          mainiacjoe_overflow_alcove_2, serial_shops, shop,
          minmay_tree_intersection, grunt_ministairs_13
D:5:      layout_basic, minmay_temple_entry_hall, serial_shops,
          nicolae_shop_tiny_real_fake_doors, nicolae_kite_square_tiling_tiny,
          grunt_decor_mini_mirrors, uniq_blork_the_orc, uniq_crazy_yiuf_cottage
Temple:   nicolae_temple_bog_church

Skill      XL: |  1  2  3  4  5  6  7  8 |
---------------+-------------------------+-----
Ranged Weapons | 6 7 8 9 10 12 | 12.0
Armour         | 1 |  1.0
Fighting       | 2 |  2.4
Dodging        | 4 |  4.0
Invocations    | 1 2 |  2.4
Stealth        | |  1.2

Action                     |  1- 3 |  4- 6 |  7- 9 || total
---------------------------+-------+-------+-------++-------
   Fire: Shortbow          |    96 |   180 |    99 ||   375
 Invoke: Heroism           |       |       |     4 ||     4
    Use: Scroll            |     5 |     6 |     2 ||    13
         Potion            |       |     2 |       ||     2
 Armour: Leather armour    |     4 |       |       ||     4
         Scale mail        |    16 |    15 |       ||    31
         Ring mail         |       |    25 |    30 ||    55
  Dodge: Dodged            |    21 |    38 |    17 ||    76

Table legend:
 A = Non-vault XP
 B = Vault XP
 C = Vault XP percentage of total XP
 D = Non-vault monster count
 E = Vault monster count
 F = Vault count percentage of total count
                 A         B        C        D         E       F
            +---------+---------+-------+---------+---------+-------
      Total |    1503 |     116 |   7.2 |     110 |       7 |   6.0
            +---------+---------+-------+---------+---------+-------
        D:1 |      43 |       2 |   4.4 |      26 |       1 |   3.7
        D:2 |      98 |     108 |  52.4 |      14 |       3 |  17.6
        D:3 |     297 |       0 |   0.0 |      30 |       0 |   0.0
        D:4 |     248 |       6 |   2.4 |      23 |       3 |  11.5
        D:5 |     817 |       0 |   0.0 |      17 |       0 |   0.0
            +---------+---------+-------+---------+---------+-------
